General information
			
			
        
        - name: BNet
 
        - type: Ladder team game (AT/RT)
 
        - host: Battle.net
 
        - saver: BEAR_AND
 
        
map: UpperKingdom 
        - players: 6
 
        - length: 60:24
 
        - speed: Fast
 - version: 1.22 W3XP
 - replay type:  

 
» download(516 KB)
Players
        team 1 (winner) 
              
              
BEAR_AND (
red | 130 APM | 7861 actions | 60:23)
              
 7 Mountain King 
 3 Storm Bolt
 3 Bash
 1 Avatar
 6 Paladin 
 3 Holy Light
 3 Divine Shield
 
                » actions 
                
                | Assign group hotkey | 13 |  | 
| Basic commands | 6 |  | 
| Build / train | 183 |  | 
| Enter build submenu | 104 |  | 
| Enter hero's abilities submenu | 13 |  | 
| Give item / drop item | 13 |  | 
| Remove unit from queue | 9 |  | 
| Right click | 4871 |  | 
| Select / deselect | 769 |  | 
| Select group hotkey | 1440 |  | 
| Use ability | 437 |  | 
                7861 total
 » units 
                
                | Peasant | 20 |  | 
| Dragonhawk Rider | 5 |  | 
| Mortar Team | 6 |  | 
                31 total
 » upgrades
                
                | Masonry | 3 |  | 
| Lumber Harvesting | 1 |  | 
| Magic Sentry | 1 |  | 
| Swords | 3 |  | 
| Armor | 2 |  | 
| Animal War Training | 1 |  | 
| Cloud | 1 |  | 
| Gunpowder | 1 |  | 
                13 total
 » buildings
                
                | Altar of Kings | 1 |  | 
| Farm | 6 |  | 
| Scout Tower | 182 |  | 
| Lumber Mill | 2 |  | 
| Arcane Tower | 7 |  | 
| Guard Tower | 73 |  | 
| Keep | 2 |  | 
| Arcane Vault | 1 |  | 
| Town Hall | 4 |  | 
| Castle | 1 |  | 
| Gryphon Aviary | 2 |  | 
| Blacksmith | 1 |  | 
| Barracks | 1 |  | 
| Arcane Sanctum | 1 |  | 
| Workshop | 1 |  | 
                285 total
 » build order
                00:10 Altar of Kings
00:20 Farm
00:54 Farm
00:57 Scout Tower
01:03 Lumber Mill
01:26 Scout Tower
01:42 Arcane Tower
01:42 Arcane Tower
01:51 Scout Tower
02:12 Guard Tower
02:13 Guard Tower
02:26 Scout Tower
02:51 Arcane Tower
03:41 Guard Tower
03:42 Guard Tower
03:45 Scout Tower
03:47 Scout Tower
04:27 Keep
04:28 Keep
04:39 Arcane Vault
04:41 Guard Tower
05:05 Guard Tower
05:07 Scout Tower
05:08 Scout Tower
05:37 Guard Tower
06:37 Town Hall
06:44 Scout Tower
06:45 Scout Tower
06:45 Scout Tower
06:47 Scout Tower
06:47 Scout Tower
06:48 Scout Tower
06:49 Scout Tower
06:49 Scout Tower
06:52 Guard Tower
06:54 Scout Tower
06:54 Scout Tower
06:55 Scout Tower
06:56 Scout Tower
06:57 Scout Tower
07:06 Scout Tower
07:07 Scout Tower
07:07 Scout Tower
07:08 Scout Tower
07:10 Farm
07:26 Scout Tower
07:27 Scout Tower
07:28 Scout Tower
07:31 Scout Tower
07:32 Scout Tower
08:01 Guard Tower
09:13 Arcane Tower
09:14 Guard Tower
09:21 Guard Tower
09:24 Scout Tower
09:24 Scout Tower
09:25 Scout Tower
09:26 Scout Tower
09:28 Guard Tower
09:40 Guard Tower
09:48 Guard Tower
09:48 Guard Tower
09:51 Guard Tower
11:16 Castle
11:25 Guard Tower
11:27 Scout Tower
11:27 Scout Tower
11:28 Scout Tower
12:10 Scout Tower
12:11 Scout Tower
12:11 Scout Tower
12:45 Guard Tower
12:47 Guard Tower
13:23 Guard Tower
13:33 Scout Tower
13:34 Scout Tower
13:34 Scout Tower
13:35 Scout Tower
13:37 Guard Tower
13:38 Scout Tower
13:39 Scout Tower
14:32 Guard Tower
15:48 Guard Tower
15:50 Scout Tower
15:51 Scout Tower
16:43 Guard Tower
16:46 Scout Tower
16:48 Scout Tower
16:48 Scout Tower
16:50 Scout Tower
16:51 Scout Tower
16:52 Scout Tower
16:53 Scout Tower
16:54 Scout Tower
16:54 Scout Tower
16:59 Scout Tower
17:01 Scout Tower
17:02 Scout Tower
17:03 Scout Tower
17:05 Scout Tower
17:06 Scout Tower
17:07 Scout Tower
17:08 Scout Tower
17:31 Guard Tower
19:50 Guard Tower
19:58 Gryphon Aviary
19:59 Blacksmith
20:01 Barracks
20:02 Gryphon Aviary
20:06 Scout Tower
20:06 Scout Tower
20:07 Scout Tower
20:08 Scout Tower
20:09 Scout Tower
20:10 Scout Tower
20:10 Scout Tower
20:11 Scout Tower
20:12 Scout Tower
20:13 Scout Tower
20:15 Scout Tower
20:16 Scout Tower
20:16 Scout Tower
20:17 Scout Tower
20:18 Scout Tower
20:19 Scout Tower
20:20 Scout Tower
20:20 Scout Tower
20:31 Arcane Sanctum
20:43 Guard Tower
20:47 Scout Tower
20:48 Scout Tower
20:50 Scout Tower
20:51 Scout Tower
20:52 Scout Tower
20:54 Scout Tower
23:03 Guard Tower
23:07 Lumber Mill
24:12 Farm
24:13 Farm
24:14 Farm
24:25 Arcane Tower
24:25 Guard Tower
24:34 Guard Tower
25:03 Guard Tower
27:33 Town Hall
27:38 Scout Tower
27:39 Scout Tower
27:40 Scout Tower
27:41 Scout Tower
27:42 Scout Tower
27:43 Scout Tower
27:43 Scout Tower
27:44 Scout Tower
27:45 Scout Tower
27:46 Scout Tower
27:47 Scout Tower
27:47 Scout Tower
27:47 Scout Tower
29:32 Scout Tower
29:32 Scout Tower
29:34 Scout Tower
31:55 Scout Tower
31:56 Scout Tower
31:57 Scout Tower
31:57 Scout Tower
34:47 Guard Tower
36:11 Scout Tower
36:13 Scout Tower
36:14 Scout Tower
36:14 Scout Tower
36:15 Scout Tower
36:15 Scout Tower
36:16 Scout Tower
36:17 Scout Tower
36:17 Scout Tower
36:36 Scout Tower
36:37 Scout Tower
36:38 Scout Tower
36:40 Scout Tower
36:41 Scout Tower
36:42 Scout Tower
36:43 Guard Tower
36:44 Guard Tower
36:48 Scout Tower
36:48 Scout Tower
36:49 Scout Tower
36:50 Scout Tower
36:51 Scout Tower
36:51 Scout Tower
36:53 Scout Tower
36:54 Scout Tower
37:00 Scout Tower
37:01 Scout Tower
37:01 Scout Tower
37:20 Guard Tower
37:24 Scout Tower
37:25 Scout Tower
37:26 Scout Tower
37:29 Scout Tower
37:30 Scout Tower
37:30 Scout Tower
37:35 Guard Tower
37:49 Guard Tower
37:53 Guard Tower
37:56 Scout Tower
37:57 Scout Tower
37:57 Scout Tower
37:58 Scout Tower
37:59 Guard Tower
38:07 Guard Tower
38:11 Scout Tower
38:12 Scout Tower
38:14 Scout Tower
38:15 Scout Tower
38:33 Guard Tower
38:39 Guard Tower
38:47 Guard Tower
38:52 Guard Tower
38:58 Guard Tower
39:17 Guard Tower
39:32 Scout Tower
39:33 Scout Tower
40:01 Guard Tower
40:27 Scout Tower
40:27 Guard Tower
40:28 Scout Tower
40:29 Scout Tower
40:45 Town Hall
40:55 Guard Tower
40:57 Guard Tower
40:59 Scout Tower
41:00 Scout Tower
41:01 Scout Tower
41:02 Scout Tower
41:08 Guard Tower
41:10 Guard Tower
41:14 Scout Tower
41:14 Scout Tower
41:15 Scout Tower
41:16 Scout Tower
41:17 Scout Tower
41:17 Scout Tower
41:19 Scout Tower
41:20 Scout Tower
41:21 Scout Tower
41:22 Scout Tower
41:45 Guard Tower
41:51 Guard Tower
42:34 Guard Tower
42:36 Guard Tower
42:41 Guard Tower
43:06 Guard Tower
43:12 Guard Tower
43:32 Guard Tower
43:38 Guard Tower
44:21 Guard Tower
44:25 Scout Tower
44:26 Scout Tower
44:27 Scout Tower
44:28 Scout Tower
44:29 Scout Tower
44:29 Scout Tower
45:46 Guard Tower
45:46 Guard Tower
45:48 Arcane Tower
46:10 Guard Tower
46:11 Guard Tower
46:11 Guard Tower
46:16 Town Hall
46:17 Guard Tower
46:18 Scout Tower
46:19 Scout Tower
46:59 Guard Tower
47:14 Guard Tower
47:16 Scout Tower
47:17 Scout Tower
47:18 Scout Tower
47:18 Scout Tower
47:45 Guard Tower
48:52 Guard Tower
55:51 Workshop
» items
                
                | Scroll of Regeneration | 1 |  | 
| Lesser Clarity Potion | 15 |  | 
| Potion of Healing | 1 |  | 
| Scroll of Town Portal | 8 |  | 
| Staff of Sanctuary | 2 |  | 
| Orb of Corruption | 2 |  | 
                29 total
  
               
              
              
iggy_the_fisk (
purple | 124 APM | 7465 actions | 60:23)
              
 5 Archmage 
 3 Blizzard
 2 Brilliance Aura
 5 Blood Mage 
 3 Flame Strike
 2 Siphon Mana
 4 Pit Lord 
 2 Rain of Fire
 2 Cleaving Attack
 
                » actions 
                
                | Assign group hotkey | 250 |  | 
| Basic commands | 11 |  | 
| Build / train | 187 |  | 
| Enter build submenu | 135 |  | 
| Enter hero's abilities submenu | 14 |  | 
| Give item / drop item | 5 |  | 
| Right click | 3597 |  | 
| Select / deselect | 698 |  | 
| Select group hotkey | 2136 |  | 
| Use ability | 432 |  | 
                7465 total
 » units 
                
                | Peasant | 48 |  | 
| Dragonhawk Rider | 10 |  | 
| Priest | 2 |  | 
                60 total
 » upgrades
                
                | Masonry | 3 |  | 
| Lumber Harvesting | 2 |  | 
| Magic Sentry | 1 |  | 
| Animal War Training | 1 |  | 
| Swords | 2 |  | 
| Armor | 2 |  | 
| Priest Training | 1 |  | 
                12 total
 » buildings
                
                | Altar of Kings | 2 |  | 
| Lumber Mill | 1 |  | 
| Farm | 8 |  | 
| Scout Tower | 120 |  | 
| Arcane Tower | 4 |  | 
| Guard Tower | 66 |  | 
| Keep | 2 |  | 
| Arcane Vault | 2 |  | 
| Town Hall | 5 |  | 
| Arcane Sanctum | 2 |  | 
| Castle | 1 |  | 
| Gryphon Aviary | 1 |  | 
| Barracks | 1 |  | 
| Blacksmith | 1 |  | 
                216 total
 » build order
                00:04 Altar of Kings
00:18 Lumber Mill
00:25 Farm
00:46 Farm
01:04 Scout Tower
01:24 Scout Tower
01:33 Arcane Tower
01:33 Arcane Tower
01:33 Arcane Tower
01:44 Scout Tower
01:53 Farm
02:14 Guard Tower
02:14 Guard Tower
02:15 Guard Tower
02:23 Scout Tower
02:47 Guard Tower
02:48 Scout Tower
03:27 Guard Tower
03:46 Scout Tower
03:47 Scout Tower
04:27 Keep
04:28 Guard Tower
04:38 Arcane Vault
04:40 Guard Tower
05:41 Farm
05:42 Scout Tower
05:43 Scout Tower
05:51 Town Hall
05:54 Scout Tower
05:55 Scout Tower
05:56 Scout Tower
05:57 Scout Tower
05:58 Scout Tower
05:59 Scout Tower
06:10 Guard Tower
06:10 Guard Tower
06:11 Guard Tower
06:11 Guard Tower
06:39 Guard Tower
06:40 Scout Tower
06:43 Farm
06:45 Guard Tower
06:46 Guard Tower
07:29 Guard Tower
07:32 Arcane Sanctum
07:50 Castle
08:12 Scout Tower
08:31 Scout Tower
08:32 Scout Tower
08:34 Guard Tower
08:36 Scout Tower
08:37 Scout Tower
08:56 Guard Tower
09:04 Guard Tower
09:11 Scout Tower
09:23 Guard Tower
09:28 Guard Tower
09:39 Scout Tower
09:49 Guard Tower
11:14 Guard Tower
11:15 Arcane Sanctum
11:19 Guard Tower
11:21 Scout Tower
11:22 Scout Tower
11:23 Scout Tower
11:46 Scout Tower
11:47 Scout Tower
11:56 Guard Tower
13:03 Scout Tower
13:05 Guard Tower
13:06 Scout Tower
13:11 Guard Tower
13:13 Scout Tower
13:30 Arcane Vault
13:32 Guard Tower
13:33 Gryphon Aviary
13:41 Town Hall
13:48 Guard Tower
13:53 Guard Tower
13:55 Scout Tower
14:17 Scout Tower
14:17 Scout Tower
14:18 Scout Tower
14:19 Scout Tower
14:19 Scout Tower
14:20 Scout Tower
14:48 Guard Tower
14:50 Scout Tower
14:51 Scout Tower
14:52 Scout Tower
14:52 Scout Tower
14:54 Scout Tower
14:55 Scout Tower
15:07 Scout Tower
15:11 Guard Tower
15:12 Scout Tower
15:56 Guard Tower
16:04 Scout Tower
16:05 Scout Tower
16:26 Guard Tower
16:30 Scout Tower
16:38 Guard Tower
16:40 Scout Tower
16:46 Scout Tower
16:49 Guard Tower
16:50 Scout Tower
16:52 Scout Tower
16:59 Barracks
16:59 Blacksmith
17:03 Guard Tower
17:36 Scout Tower
17:38 Scout Tower
17:47 Guard Tower
18:17 Guard Tower
18:38 Scout Tower
18:39 Scout Tower
19:17 Guard Tower
19:18 Scout Tower
19:30 Scout Tower
19:33 Scout Tower
19:47 Scout Tower
19:47 Scout Tower
19:54 Scout Tower
19:55 Scout Tower
19:58 Guard Tower
20:09 Scout Tower
20:10 Scout Tower
20:17 Scout Tower
20:32 Guard Tower
20:34 Scout Tower
20:35 Scout Tower
20:49 Scout Tower
20:50 Guard Tower
21:05 Guard Tower
21:09 Guard Tower
21:20 Scout Tower
21:35 Scout Tower
21:44 Scout Tower
23:03 Guard Tower
23:11 Altar of Kings
23:18 Scout Tower
23:20 Scout Tower
23:23 Scout Tower
23:42 Scout Tower
23:46 Scout Tower
24:01 Scout Tower
24:03 Scout Tower
24:04 Guard Tower
24:22 Scout Tower
24:24 Scout Tower
24:25 Scout Tower
24:44 Guard Tower
24:46 Scout Tower
24:47 Guard Tower
25:06 Guard Tower
25:07 Scout Tower
25:21 Guard Tower
25:23 Scout Tower
25:30 Scout Tower
25:31 Scout Tower
25:46 Scout Tower
25:47 Scout Tower
26:21 Guard Tower
27:05 Keep
27:11 Scout Tower
27:13 Farm
27:14 Farm
27:19 Scout Tower
27:45 Guard Tower
27:47 Scout Tower
27:48 Scout Tower
27:56 Guard Tower
28:28 Town Hall
28:54 Scout Tower
28:54 Scout Tower
29:34 Guard Tower
29:36 Scout Tower
29:50 Guard Tower
30:43 Town Hall
30:50 Guard Tower
31:20 Scout Tower
31:22 Scout Tower
31:39 Scout Tower
31:40 Scout Tower
31:41 Scout Tower
31:43 Scout Tower
31:43 Scout Tower
31:44 Scout Tower
32:02 Farm
32:10 Guard Tower
32:22 Guard Tower
32:24 Scout Tower
32:25 Scout Tower
32:26 Scout Tower
34:57 Scout Tower
35:26 Scout Tower
35:29 Scout Tower
35:55 Scout Tower
35:59 Guard Tower
36:01 Scout Tower
36:03 Scout Tower
36:14 Scout Tower
39:36 Town Hall
39:42 Scout Tower
40:00 Scout Tower
40:01 Scout Tower
40:04 Scout Tower
40:18 Guard Tower
40:19 Scout Tower
40:29 Guard Tower
40:29 Guard Tower
» items
                
                | Scroll of Regeneration | 7 |  | 
| Scroll of Town Portal | 9 |  | 
| Staff of Sanctuary | 3 |  | 
| Potion of Healing | 2 |  | 
| Lesser Clarity Potion | 1 |  | 
| Orb of Corruption | 1 |  | 
                23 total
  
               
              
              
» 
TIMG4STRok (
pink | 110 APM | 6632 actions | 60:23)
              
 9 Death Knight 
 3 Death Coil
 3 Unholy Aura
 1 Animate Dead
 2 Death Pact
 7 Lich 
 3 Frost Nova
 3 Frost Armor
 1 Death and Decay
 
                » actions 
                
                | Assign group hotkey | 34 |  | 
| Basic commands | 177 |  | 
| Build / train | 105 |  | 
| ESC pressed | 1 |  | 
| Enter build submenu | 37 |  | 
| Enter hero's abilities submenu | 16 |  | 
| Give item / drop item | 16 |  | 
| Right click | 2889 |  | 
| Select / deselect | 432 |  | 
| Select group hotkey | 2676 |  | 
| Use ability | 247 |  | 
                6632 total
 » units 
                
                | Acolyte | 18 |  | 
| Ghoul | 4 |  | 
| Crypt Fiend | 15 |  | 
| Obsidian Statue | 10 |  | 
                47 total
 » upgrades
                
                | Web | 1 |  | 
| Burrow | 1 |  | 
| Creature Attack | 3 |  | 
| Creature Carapace | 3 |  | 
| Destroyer Form | 1 |  | 
| Freezing Breath | 1 |  | 
                10 total
 » buildings
                
                | Graveyard | 1 |  | 
| Crypt | 1 |  | 
| Ziggurat | 9 |  | 
| Altar of Darkness | 2 |  | 
| Nerubian Tower | 1 |  | 
| Tomb of Relics | 2 |  | 
| Halls of the Dead | 1 |  | 
| Spirit Tower | 2 |  | 
| Black Citadel | 1 |  | 
| Sacrificial Pit | 1 |  | 
| Necropolis | 5 |  | 
| Boneyard | 2 |  | 
| Slaughterhouse | 2 |  | 
                30 total
 » build order
                00:08 Graveyard
00:10 Crypt
00:40 Ziggurat
00:43 Ziggurat
00:58 Altar of Darkness
01:47 Ziggurat
02:20 Nerubian Tower
03:19 Tomb of Relics
04:10 Ziggurat
06:16 Halls of the Dead
07:37 Spirit Tower
09:22 Ziggurat
11:34 Black Citadel
11:45 Ziggurat
11:47 Ziggurat
13:07 Tomb of Relics
13:15 Ziggurat
15:43 Sacrificial Pit
17:46 Necropolis
18:41 Spirit Tower
20:05 Boneyard
20:07 Boneyard
25:41 Slaughterhouse
25:42 Slaughterhouse
27:29 Necropolis
34:33 Necropolis
40:07 Ziggurat
41:17 Necropolis
44:10 Altar of Darkness
45:30 Necropolis
» items
                
                | Lesser Clarity Potion | 2 |  | 
| Potion of Mana | 2 |  | 
| Scroll of Town Portal | 11 |  | 
| Potion of Healing | 3 |  | 
| Orb of Corruption | 2 |  | 
| Scroll of Healing | 4 |  | 
                24 total
  
               team 2 (loser) 
              
              
CrAzyLeE (
orange | 62 APM | 3743 actions | 60:23)
              
 8 Death Knight 
 3 Death Coil
 3 Unholy Aura
 1 Animate Dead
 1 Death Pact
 7 Pit Lord 
 3 Rain of Fire
 3 Cleaving Attack
 1 Doom
 
                » actions 
                
                | Assign group hotkey | 62 |  | 
| Basic commands | 35 |  | 
| Build / train | 98 |  | 
| Enter build submenu | 27 |  | 
| Enter hero's abilities submenu | 15 |  | 
| Remove unit from queue | 4 |  | 
| Right click | 1877 |  | 
| Select / deselect | 539 |  | 
| Select group hotkey | 925 |  | 
| Use ability | 161 |  | 
                3743 total
 » units 
                
                | Acolyte | 14 |  | 
| Ghoul | 5 |  | 
| Crypt Fiend | 13 |  | 
| Obsidian Statue | 6 |  | 
| Frost Wyrm | 14 |  | 
                52 total
 » upgrades
                
                | Creature Attack | 3 |  | 
| Creature Carapace | 3 |  | 
| Web | 1 |  | 
| Freezing Breath | 1 |  | 
| Ghoul Frenzy | 1 |  | 
| Destroyer Form | 1 |  | 
                10 total
 » buildings
                
                | Crypt | 1 |  | 
| Altar of Darkness | 2 |  | 
| Graveyard | 1 |  | 
| Ziggurat | 16 |  | 
| Tomb of Relics | 1 |  | 
| Nerubian Tower | 1 |  | 
| Halls of the Dead | 1 |  | 
| Slaughterhouse | 1 |  | 
| Black Citadel | 1 |  | 
| Sacrificial Pit | 1 |  | 
| Boneyard | 3 |  | 
| Spirit Tower | 3 |  | 
                32 total
 » build order
                00:04 Crypt
00:07 Altar of Darkness
00:10 Altar of Darkness
00:18 Graveyard
00:36 Ziggurat
00:52 Tomb of Relics
01:20 Ziggurat
02:45 Nerubian Tower
03:39 Halls of the Dead
04:30 Ziggurat
05:03 Ziggurat
06:52 Slaughterhouse
09:08 Black Citadel
09:14 Sacrificial Pit
11:36 Boneyard
11:36 Boneyard
11:39 Ziggurat
13:42 Ziggurat
15:27 Ziggurat
15:27 Ziggurat
18:50 Ziggurat
18:50 Ziggurat
18:50 Ziggurat
20:03 Spirit Tower
22:00 Boneyard
27:26 Spirit Tower
27:30 Spirit Tower
33:55 Ziggurat
41:04 Ziggurat
41:06 Ziggurat
41:06 Ziggurat
41:57 Ziggurat
» items
                
                | Rod of Necromancy | 1 |  | 
| Lesser Clarity Potion | 1 |  | 
| Scroll of Regeneration | 1 |  | 
| Potion of Healing | 2 |  | 
| Scroll of Town Portal | 3 |  | 
| Orb of Corruption | 1 |  | 
                9 total
  
               
              
              
Zergtest (
blue | 112 APM | 5991 actions | 53:36)
              
 7 Pandaren Brewmaster 
 3 Breath of Fire
 3 Drunken Haze
 1 Storm Earth and Fire
 1 Keeper of the Grove 
 1 Entangling Roots
 
                » actions 
                
                | Assign group hotkey | 105 |  | 
| Basic commands | 729 |  | 
| Build / train | 146 |  | 
| ESC pressed | 7 |  | 
| Enter build submenu | 44 |  | 
| Enter hero's abilities submenu | 8 |  | 
| Give item / drop item | 2 |  | 
| Remove unit from queue | 2 |  | 
| Right click | 2273 |  | 
| Select / deselect | 1779 |  | 
| Select group hotkey | 776 |  | 
| Use ability | 119 |  | 
                5991 total
 » units 
                
                | Wisp | 70 |  | 
| Glaive Thrower | 8 |  | 
| Huntress | 5 |  | 
| Archer | 15 |  | 
| Hippogryph | 8 |  | 
                106 total
 » upgrades
                
                | Strength of the Moon | 3 |  | 
| Vorpal Blades | 1 |  | 
| Improved Bows | 1 |  | 
| Marksmanship | 1 |  | 
| Hippogryph Taming | 1 |  | 
                7 total
 » buildings
                
                | Altar of Elders | 1 |  | 
| Moon Well | 7 |  | 
| Hunter's Hall | 1 |  | 
| Ancient of War | 3 |  | 
| Tree of Ages | 4 |  | 
| Ancient Protector | 16 |  | 
| Tree of Eternity | 5 |  | 
| Tree of Life | 11 |  | 
| Ancient of Wind | 2 |  | 
                50 total
 » build order
                00:07 Altar of Elders
00:19 Moon Well
01:20 Hunter's Hall
02:01 Ancient of War
02:07 Ancient of War
02:32 Moon Well
02:45 Moon Well
05:09 Moon Well
06:48 Tree of Ages
06:48 Tree of Ages
06:49 Tree of Ages
07:34 Ancient Protector
07:41 Ancient Protector
07:54 Ancient Protector
07:56 Ancient Protector
08:07 Ancient Protector
09:43 Ancient of War
12:08 Tree of Eternity
12:09 Tree of Eternity
12:09 Tree of Eternity
13:22 Moon Well
13:25 Moon Well
13:28 Moon Well
13:34 Tree of Life
15:09 Tree of Life
16:46 Tree of Life
20:33 Tree of Life
26:00 Tree of Life
26:26 Ancient Protector
26:27 Ancient Protector
26:46 Ancient Protector
27:44 Ancient Protector
28:14 Ancient Protector
29:10 Ancient Protector
29:14 Tree of Life
29:17 Ancient Protector
29:22 Ancient Protector
29:26 Tree of Life
34:34 Ancient Protector
35:03 Ancient of Wind
35:59 Ancient of Wind
37:18 Tree of Life
37:54 Tree of Life
40:03 Ancient Protector
40:05 Ancient Protector
43:13 Tree of Life
51:16 Tree of Life
» items
                 
               
              
              
zergthebest (
green | 100 APM | 5048 actions | 50:35)
              
 5 Archmage 
 3 Summon Water Elemental
 2 Brilliance Aura
 5 Mountain King 
 3 Storm Bolt
 2 Bash
 
                » actions 
                
                | Assign group hotkey | 328 |  | 
| Basic commands | 437 |  | 
| Build / train | 98 |  | 
| ESC pressed | 12 |  | 
| Enter build submenu | 32 |  | 
| Enter hero's abilities submenu | 13 |  | 
| Give item / drop item | 1 |  | 
| Right click | 1927 |  | 
| Select / deselect | 925 |  | 
| Select group hotkey | 1097 |  | 
| Use ability | 178 |  | 
                5048 total
 » units 
                
                | Peasant | 12 |  | 
| Footman | 8 |  | 
| Spell Breaker | 4 |  | 
| Sorceress | 3 |  | 
| Priest | 1 |  | 
| Dragonhawk Rider | 9 |  | 
| Mortar Team | 5 |  | 
| Flying Machine | 13 |  | 
| Siege Engine | 1 |  | 
                56 total
 » upgrades
                
                | Sorceress Training | 2 |  | 
| Priest Training | 2 |  | 
| Cloud | 1 |  | 
| Gunpowder | 3 |  | 
| Fragmentation Shards | 1 |  | 
| Flak Cannons | 1 |  | 
| Barrage | 1 |  | 
| Armor | 1 |  | 
| Plating | 2 |  | 
                14 total
 » buildings
                
                | Altar of Kings | 2 |  | 
| Barracks | 1 |  | 
| Farm | 12 |  | 
| Scout Tower | 1 |  | 
| Arcane Tower | 1 |  | 
| Keep | 2 |  | 
| Arcane Vault | 2 |  | 
| Lumber Mill | 1 |  | 
| Arcane Sanctum | 2 |  | 
| Castle | 1 |  | 
| Town Hall | 2 |  | 
| Gryphon Aviary | 2 |  | 
| Blacksmith | 1 |  | 
| Workshop | 4 |  | 
                34 total
 » build order
                00:05 Altar of Kings
00:09 Altar of Kings
00:19 Barracks
00:35 Farm
01:07 Farm
01:38 Scout Tower
01:56 Farm
02:06 Arcane Tower
03:40 Keep
03:40 Keep
04:28 Arcane Vault
04:32 Lumber Mill
05:14 Farm
05:18 Farm
06:16 Arcane Sanctum
06:18 Arcane Sanctum
08:28 Farm
08:29 Farm
11:00 Farm
11:02 Farm
13:24 Castle
15:21 Town Hall
15:31 Gryphon Aviary
15:35 Blacksmith
17:01 Gryphon Aviary
18:55 Farm
20:15 Farm
22:59 Workshop
23:01 Workshop
24:14 Workshop
24:17 Workshop
28:55 Arcane Vault
29:32 Town Hall
34:52 Farm
» items
                 
                Chat log
          
(11:02 / All) BEAR_AND: tp bitch
(20:18 / All) CrAzyLeE: what you guys want doing that noobish?:
(20:28 / All) CrAzyLeE: madera
(20:30 / All) iggy_the_fisk: getting a free win from yee again thanks
(29:43 / All) CrAzyLeE: leave ¬¬
(33:17 / All) TIMG4STRok: leave
(36:04 / All) CrAzyLeE: stop this gay game
(40:39 / All) CrAzyLeE: this one was fasta
(42:04 / All) TIMG4STRok: leave plz....
(45:39 / All) BEAR_AND: wow
(50:39 / All) TIMG4STRok: LOL
(50:42 / All) BEAR_AND: larmfo
(50:48 / All) iggy_the_fisk: bye
(51:00 / All) BEAR_AND: Biinm
(53:09 / All) Zergtest: GG
(53:10 / All) BEAR_AND: Had you ever got tired
(53:12 / All) BEAR_AND: of running around
(53:14 / All) BEAR_AND: in this stupid world
(53:15 / All) BEAR_AND: i had
(53:17 / All) Zergtest: gg 
(53:18 / All) BEAR_AND: Jarn Me
(53:25 / All) BEAR_AND: let's play some Real Shit
(53:28 / All) iggy_the_fisk: maybe don't talk shit so early hmm hmm
(53:28 / All) BEAR_AND: Ja
(53:36 / All) iggy_the_fisk: www.highper.ch
(53:40 / All) BEAR_AND: for more
(53:41 / All) BEAR_AND: Towering
(53:42 / All) BEAR_AND: replays
(53:44 / All) CrAzyLeE: disgusting
(53:45 / All) BEAR_AND: yeehaw
(53:50 / All) iggy_the_fisk: yeah you are
(53:56 / All) BEAR_AND: fat americanm
(53:56 / All) iggy_the_fisk: smell like frikken gorgonzola cheese
(54:04 / All) BEAR_AND: buh bye
(54:05 / All) BEAR_AND: buh
(54:06 / All) BEAR_AND: bye
(54:12 / All) BEAR_AND: tiny pigfeet
(54:12 / All) CrAzyLeE: first destroy it all
(54:15 / All) BEAR_AND: shitbit birdnoob
(54:16 / All) iggy_the_fisk: you go on top of my pizza not in warcraft games silly bird...
(54:16 / All) BEAR_AND: i will
(54:20 / All) TIMG4STRok: second suck on my dick
(54:22 / All) CrAzyLeE: i'm waiting
(54:44 / All) BEAR_AND: thanks for the sporadic pockets of exp
(54:48 / All) iggy_the_fisk: how did you lose this game noob
(54:49 / All) CrAzyLeE: it really matters for you
(54:52 / All) BEAR_AND: of course nomanner shitbit undead stays last
(55:03 / All) iggy_the_fisk: no skill no problem
(55:06 / All) iggy_the_fisk: Just play undead
(55:33 / All) CrAzyLeE: do you thin it really matters
(55:38 / All) BEAR_AND: do you really like losing
(55:39 / All) CrAzyLeE: fine for you
(55:39 / All) BEAR_AND: evidently
(55:40 / All) BEAR_AND: you do
(55:56 / All) iggy_the_fisk: learn some english maybe you can get a white mans job
(56:00 / All) iggy_the_fisk: and afford some warcraft lessons
(56:05 / All) BEAR_AND: 'preciate it cowboy
(56:06 / All) BEAR_AND: yeehaw
(56:42 / All) BEAR_AND: this is tower country
(56:43 / All) BEAR_AND: yeehaw
(57:58 / All) iggy_the_fisk: click the hero noob
(58:15 / All) BEAR_AND: Crazy Lee
(58:19 / All) BEAR_AND: wasn't Crazy enough
(60:04 / All) iggy_the_fisk: noob treehide
(60:14 / All) TIMG4STRok: le gg
(60:17 / All) BEAR_AND: i invent treehid
(60:21 / All) TIMG4STRok: U shall not pass